 Dungeon Crawl Stone Soup version 0.25.1-2-g60ff931df9 (webtiles) character file.

Game seed: 16892884520320074900

11431 DearestLeader the Destroyer (level 11, -1/74 HPs)
             Began as a Red Draconian Conjurer on Oct 26, 2020.
             Was a Follower of Vehumet.
             Slain by a komodo dragon (16 damage)
             ... on level 1 of the Lair of Beasts.
             The game lasted 00:36:13 (13633 turns).

DearestLeader the Destroyer (DrCj)                 Turns: 13633, Time: 00:36:15

Health: -1/74      AC:  8    Str: 11    XL:     11   Next: 49%
Magic:  9/22       EV: 13    Int: 18    God:    Vehumet [*.....]
Gold:   680        SH:  5    Dex: 12    Spells: 11/25 levels left

rFire    + + .     SeeInvis .   G - +2 dagger (freeze)
rCold    + . .     Gourm    .   (no shield)
rNeg     + . .     Faith    .   (armour unavailable)
rPois    .         Spirit   .   (helmet restricted)
rElec    .         Reflect  +   v - scarf {rC+ rF+}
rCorr    .         Harm     .   (no gloves)
MR       +....                  c - +0 pair of boots
Stlth    ++........             o - amulet of reflection
HPRegen  0.22/turn              a - ring of protection from magic
MPRegen  0.18/turn              H - ring of positive energy

@: no status effects
A: breathe fire, unfitting armour, fire resistance 1, cold-blooded, AC +7
a: Breathe Fire, Renounce Religion


You were on level 1 of the Lair of Beasts.
You worshipped Vehumet.
Vehumet was aware of your devotion.
You were hungry.

You visited 3 branches of the dungeon, and saw 12 of its levels.

You collected 680 gold pieces.

Inventory:

Hand Weapons
 x - a +0 whip of venom
 G - a +2 dagger of freezing (weapon)
Missiles
 d - 13 boomerangs (quivered)
Armour
 c - a +0 pair of boots (worn)
 v - a scarf of resistance (worn)
Jewellery
 a - a ring of protection from magic (left hand)
 m - a +4 ring of protection
 o - an amulet of reflection (around neck)
 C - an uncursed ring of stealth
 D - an uncursed amulet of faith
 H - a ring of positive energy (right hand)
Wands
 i - a wand of flame (24)
 z - a wand of clouds (5)
 M - a wand of paralysis (9)
Scrolls
 e - 3 scrolls of enchant weapon
 g - 4 scrolls of teleportation
 h - 2 scrolls of fog
 k - 3 scrolls of remove curse
 q - 2 scrolls of random uselessness {unknown}
 s - 2 scrolls of vulnerability {unknown}
 u - a scroll of identify
 y - 3 scrolls of amnesia
 B - a scroll of fear {unknown}
 E - a scroll of enchant armour {unknown}
 I - a scroll of immolation {unknown}
 K - 2 scrolls of magic mapping {unknown}
Potions
 f - 4 potions of curing
 j - 2 potions of degeneration
 p - a potion of invisibility {unknown}
 r - a potion of mutation {unknown}
 t - 6 potions of ambrosia
 w - 3 potions of haste {unknown}
 A - 2 potions of flight {unknown}
 F - 2 potions of resistance {unknown}
 J - 2 potions of berserk rage {unknown}
 L - a potion of might {unknown}
Comestibles
 b - 17 rations


   Skills:
 + Level 3.2 Dodging
 - Level 1.7 Stealth
 + Level 7.8 Spellcasting
 * Level 14.5 Conjurations
 - Level 6.0 Hexes
 * Level 1.0 Translocations


You had 11 spell levels left.
You knew the following spells:

 Your Spells              Type           Power        Failure   Level  Hunger
a - Magic Dart            Conj           ####         1%          1    None
b - Searing Ray           Conj           ######       1%          2    None
c - Fulminant Prism       Conj/Hex       #####.....   1%          4    ###....
d - Dazzling Flash        Conj/Hex       #####.       1%          3    #......
e - Iskenderun's Mystic   Conj/Tloc      #####...     4%          4    ###....

Your spell library contained the following spells:

 Spells                   Type           Power        Failure   Level  Hunger
 Sandblast                Erth           #.....       10%         1    None
 Corona                   Hex            ####...      1%          1    None
 Apportation              Tloc           ##....       6%          1    None
 Summon Guardian Golem    Hex/Summ       ###.....     9%          3    #......
 Animate Skeleton         Necr           N/A          10%         1    None
 Summon Small Mammal      Summ           #...         10%         1    None
 Call Imp                 Summ           #.......     16%         2    None
 Call Canine Familiar     Summ           #.......     30%         3    #......
 Summon Ice Beast         Ice/Summ       #.......     69%         4    ###....
 Summon Lightning Spire   Summ/Air       #.......     69%         4    ###....


Dungeon Overview and Level Annotations

Branches:
Dungeon (10/15)            Temple (1/1) D:4            Lair (1/6) D:8
    Orc: D:9-12

Altars:
Ashenzari
Cheibriados
Dithmenos
Elyvilon
Fedhas
Gozag
Hepliaklqana
Kikubaaqudgha
Makhleb
Nemelex Xobeh
Okawaru
Qazlal
Ru
Sif Muna
Trog
Uskayaw
Vehumet
Wu Jian
Xom
Yredelemnul
Zin
The Shining One

Shops:
D:6 [

Annotations:
D:4 3 runed translucent doors, UnDebs's ghost, amateur HuGl


Innate Abilities, Weirdness & Mutations

You can breathe blasts of fire.
Your fiery red scales are hard. (AC +7)
You cannot fit into any form of body armour.
Your flesh is heat resistant. (rF+)
You are cold-blooded and may be slowed by cold attacks.


Message History

The blink frog hits you!
* * * LOW HITPOINT WARNING * * *
The blink frog blinks!
The crocodile barely misses you.
The komodo dragon completely misses you.
The blink frog closely misses you. The blink frog barely misses you.
The blink frog is no longer blind.
Casting: Dazzling Flash (safe; 1% risk of failure)
Confirm with . or Enter, or press ? or * to list all spells.
You erupt in a blast of force!
The mystic blast hits the komodo dragon.
The komodo dragon is lightly wounded.
The mystic blast hits the blink frog!
The blink frog is almost dead.
The blink frog is knocked back by the mystic blast.
The mystic blast hits the crocodile!
The crocodile is moderately wounded.
The crocodile is knocked back by the mystic blast.
The komodo dragon bites you!
You die...

..##...........####(#(####.
#.....###.......##........
.........##....#.........
##.....?...##..#..#####
#...⌠...⌠.........#
#.....>...........#
#..^⌠...⌠..t#.....#
#....†.....F.....P#
#..#......#..F.@...##
..#......#.#...l##..# .
#.#..........#....##
..####.....###......######
.. #..+####.........#..#.
##.. #............... ..
##...............
##..............
#..........#+.###


You could see a komodo dragon, 2 blink frogs and a crocodile (blind).

Vanquished Creatures
  Harold (D:7)
  2 two-headed ogres
  Erica (D:8)
  Pikel (D:6)
  A cyclops (D:10)
  A spiny frog (Lair:1)
  Maggie (D:8)
  A kobold demonologist (D:9)
  3 komodo dragons (Lair:1)
  Prince Ribbit (D:8)
  A blink frog (Lair:1)
  4 hippogriffs
  Sigmund (D:4)
  A basilisk (Lair:1)
  Grum (D:8)
  Edmund (D:6)
  Menkaure (D:4)
  A porcupine (D:8)
  6 orc warriors
  A sky beast (D:10)
  A necrophage (D:10)
  2 black bears
  2 phantoms
  A slave (D:5)
  5 ogres
  4 wolves (D:8)
  4 centaurs
  4 big kobolds
  4 bullfrogs
  4 scorpions
  2 howler monkeys
  2 crimson imps
  8 hounds
  4 orc priests
  A jelly (D:5)
  11 orc wizards
  3 centaur skeletons
  A gnoll shaman (D:7)
  A bullfrog skeleton (D:4)
  7 worker ants
  A hound zombie (D:7)
  A hound skeleton (D:6)
  A worker ant zombie (D:8)
  7 gnolls
  6 adders
  3 shadow imps
  2 oozes
  2 adder skeletons
  4 worms
  A dart slug (D:2)
  10 leopard geckos
  41 orcs
  6 giant cockroaches
  10 goblins
  15 hobgoblins
  8 jackals
  14 kobolds
  6 quokkas
  8 bats
  5 frilled lizards
  A giant cockroach zombie (D:5)
  A quokka skeleton (D:6)
  10 rats
  6 fungi (D:8)
  A plant (D:8)
272 creatures vanquished.

Vanquished Creatures (others)
  An adder (D:6)
  A kobold (D:6)
  A quokka (D:6)
  A goblin (D:6)
  9 fulminant prisms
  5 fungi (D:8)
  2 plants (D:8)
20 creatures vanquished.

Grand Total: 292 creatures vanquished

Notes
Turn   | Place    | Note
-------+----------+-------------------------------------------
     0 | D:1      | DearestLeader the Draconian Conjurer began the quest for
                  | the Orb.
     0 | D:1      | Reached XP level 1. HP: 14/14 MP: 3/3
   367 | D:1      | Reached XP level 2. HP: 20/20 MP: 1/5
  1030 | D:2      | Reached skill level 5 in Conjurations
  1059 | D:2      | Reached XP level 3. HP: 26/26 MP: 6/6
  1063 | D:2      | Learned a level 2 spell: Searing Ray
  1505 | D:2      | Found a shadowy altar of Dithmenos.
  1523 | D:2      | Reached XP level 4. HP: 33/33 MP: 3/7
  2110 | D:2      | Found an iron altar of Okawaru.
  2115 | D:2      | Found a shimmering blue altar of Sif Muna.
  2366 | D:2      | Reached skill level 6 in Conjurations
  2647 | D:3      | Noticed a phantom
  2835 | D:3      | Killed a phantom
  2835 | D:3      | Reached XP level 5. HP: 17/38 MP: 0/8
  3381 | D:3      | Reached skill level 7 in Conjurations
  3511 | D:3      | Reached XP level 6. HP: 45/45 MP: 5/9
  3712 | D:4      | Noticed Sigmund
  3792 | D:4      | Noticed Menkaure
  3818 | D:4      | Killed Menkaure
  3818 | D:4      | Reached skill level 8 in Conjurations
  4001 | D:4      | Killed Sigmund
  4001 | D:4      | Your scales start taking on a fiery red colour.
  4001 | D:4      | Reached XP level 7. HP: 50/50 MP: 5/10
  4001 | D:4      | Gained mutation: Your flesh is heat resistant. (rF+) [Red
                  | Draconian growth]
  4022 | D:4      | Found a staircase to the Ecumenical Temple.
  4032 | Temple   | Entered the Ecumenical Temple
  4173 | Temple   | Reached skill level 9 in Conjurations
  4417 | D:3      | Reached skill level 10 in Conjurations
  4426 | D:3      | Learned a level 4 spell: Fulminant Prism
  4430 | D:3      | Learned a level 3 spell: Dazzling Flash
  4574 | D:4      | Noticed UnDebs's ghost (amateur HuGl)
  4628 | D:4      | Reached XP level 8. HP: 57/57 MP: 11/11
  4874 | D:4      | Found a runed translucent gate.
  4876 | D:4      | Found a runed translucent gate.
  4877 | D:4      | Found a runed translucent gate.
  4975 | D:4      | Reached skill level 1 in Hexes
  5018 | D:4      | Found a shimmering blue altar of Sif Muna.
  5242 | D:5      | Entered Level 5 of the Dungeon
  5524 | D:5      | Found a hazy altar of Hepliaklqana.
  6240 | D:6      | Noticed Pikel
  6306 | D:6      | Killed Pikel
  6548 | D:6      | Noticed Edmund
  6569 | D:6      | Killed Edmund
  6569 | D:6      | Reached XP level 9. HP: 37/62 MP: 1/14
  6572 | D:6      | Found Fefots's Antique Armour Shoppe.
  7197 | D:7      | Reached skill level 11 in Conjurations
  7578 | D:7      | Found a shimmering altar of Xom.
  7633 | D:7      | Found an ancient bone altar of Kikubaaqudgha.
  7634 | D:7      | Found a blossoming altar of Fedhas.
  7637 | D:7      | Noticed Harold
  7693 | D:7      | Killed Harold
  7693 | D:7      | Reached skill level 5 in Hexes
  8889 | D:7      | Reached skill level 12 in Conjurations
  9300 | D:8      | Noticed Prince Ribbit
  9301 | D:8      | Noticed a two-headed ogre
  9425 | D:8      | Killed a two-headed ogre
  9425 | D:8      | Reached skill level 5 in Spellcasting
  9425 | D:8      | Reached XP level 10. HP: 49/69 MP: 3/18
  9735 | D:8      | Noticed Erica
  9750 | D:8      | Killed Erica
  9864 | D:8      | Noticed Grum
  9877 | D:8      | Killed Grum
  9877 | D:8      | Reached skill level 13 in Conjurations
 10278 | D:8      | Noticed Maggie
 10288 | D:8      | Killed Maggie
 10296 | D:8      | Killed Prince Ribbit
 10654 | D:8      | Found a staircase to the Lair.
 11175 | D:9      | Found a radiant altar of Vehumet.
 11180 | D:9      | Became a worshipper of Vehumet
 11406 | D:9      | Noticed an orange demon
 11408 | D:9      | Reached XP level 11. HP: 58/74 MP: 14/21
 11635 | D:9      | Noticed a two-headed ogre
 11643 | D:9      | Killed a two-headed ogre
 11643 | D:9      | Reached skill level 14 in Conjurations
 12032 | D:10     | Entered Level 10 of the Dungeon
 12464 | D:10     | Reached * piety under Vehumet
 12464 | D:10     | Offered knowledge of Sandblast by Vehumet.
 12947 | Lair:1   | Entered Level 1 of the Lair of Beasts
 13349 | Lair:1   | Learned a level 4 spell: Iskenderun's Mystic Blast
 13615 | Lair:1   | Reached skill level 1 in Translocations
 13627 | Lair:1   | HP: 2/74 [komodo dragon (20)]
 13633 | Lair:1   | Slain by a komodo dragon

Illustrated notes

Levels and vault maps discovered:
D:1:      dpeg_arrival_more_subterranean_lakeside_camping, layout_basic
D:2:      layout_loops_cross, gammafunk_temple_overflow_forgotten, first_ration
D:3:      layout_rooms
D:4:      layout_gridville, minmay_temple_entry_glass, gammafunk_ghost_icy,
          serial_park_tiny_1, tgw_sif, uniq_sigmund, uniq_menkaure
D:5:      layout_cave_pods, lemuel_crystal_altar
D:6:      corexii_shack_village, layout_cave_pools, serial_shops,
          nicolae_shop_overgrown_old_shop, hangedman_decor_riveting, uniq_pikel,
          uniq_edmund
D:7:      kennysheep_housing_project, layout_loops_corners,
          grunt_temple_overflow_growth_and_decay, basic_altar, uniq_harold
D:8:      layout_basic, grunt_lair_entry_orc_guard_hut, blue_anna_alchemist
          [blue_anna_fruit_fields, blue_anna_fruit_fields], hex_tiny,
          uniq_prince_ribbit1, uniq_maggie, uniq_grum, uniq_erica
D:9:      layout_gridville, kennysheep_little_box, serial_bayou_pond_b
D:10:     layout_long_grid
Temple:   regret_index_temple_waves
Lair:1:   layout_chaotic_city, gauntlet_entry_generic, grunt_megastairs_2

Skill      XL: |  1  2  3  4  5  6  7  8  9 10 11 |
---------------+----------------------------------+-----
Conjurations   | 5 6 7 8 10 12 13 14 | 14.5
Dodging        | 2 3 |  3.2
Hexes          | 3 6 |  6.0
Spellcasting   | 3 5 7 |  7.8
Translocations | 1 |  1.0
Stealth        | |  1.7

Action                   |  1- 3 |  4- 6 |  7- 9 | 10-12 || total
-------------------------+-------+-------+-------+-------++-------
Melee: Unarmed           |    27 |       |       |       ||    27
       Tailslap          |     4 |    11 |    31 |    10 ||    56
       Short sword       |     3 |       |       |       ||     3
       Dagger            |     1 |   118 |    97 |   117 ||   333
       Whip              |       |       |   227 |       ||   227
Throw: Boomerang         |    19 |     2 |    14 |     1 ||    36
 Cast: Magic Dart        |    56 |    27 |     6 |     5 ||    94
       Searing Ray       |     4 |    14 |    46 |    51 ||   115
       Dazzling Flash    |       |       |     3 |     1 ||     4
       Fulminant Prism   |       |       |     1 |     8 ||     9
       Iskenderun's Myst |       |       |       |     1 ||     1
  Use: Potion            |       |     1 |     2 |     2 ||     5
       Scroll            |       |     3 |     1 |     4 ||     8
 Stab: Sleeping          |       |     1 |     9 |     1 ||    11
  Eat: Chunk             |     3 |     9 |    16 |    11 ||    39
       Ration            |       |       |     1 |     1 ||     2
Armor: Skin              |    20 |    72 |   179 |    42 ||   313
Dodge: Dodged            |    31 |   120 |   257 |   133 ||   541
Block: Other             |       |     4 |   111 |    35 ||   150
       Reflection        |       |       |    10 |     1 ||    11
